Map: King Sejong Station LE

Players

Lilbow - Winner!

  • Race: Protoss Protoss
  • League: Master

iGJim (Jim)

  • Race: Protoss Protoss
  • League: Master

Event: DreamHack ZOWIE Open Valencia 2016

VOD

Have the link to the VOD?

Description

Time

  • Played on: July 14, 2016, 12:47 p.m.
  • Length: 10:10

All games in this series

Show
View Real Time Build Order
Export as new Build Order

Lilbow Protoss - Winner!

Build Orders:  

Get SALT Encoding   

  12  0:00  Probe (Chrono Boost)  
  13  0:11  Probe (Chrono Boost)  
  14  0:17  Pylon  
  14  0:22  Probe (Chrono Boost)  
  16  0:35  Probe (Chrono Boost), Gateway  
  16  0:41  Assimilator  
  16  0:46  Probe (Chrono Boost)  
  17  0:57  Assimilator, Probe (Chrono Boost)  
  18  1:07  Probe (Chrono Boost), Gateway  
  19  1:18  Probe (Chrono Boost)  
  20  1:22  Cybernetics Core  
  20  1:28  Probe (Chrono Boost)  
  21  1:36  Pylon  
  21  1:39  Probe (Chrono Boost)  
  22  1:49  Probe (Chrono Boost)  
  23  1:55  Stalker  
  23  1:59  Warp Gate  
  25  2:01  Stalker  
  27  2:12  Mothership Core (Chrono Boost)  
  29  2:16  Pylon  
  29  2:21  Stalker  
  31  2:33  Sentry  
  34  2:37  Probe (Chrono Boost)  
  34  2:49  Probe (Chrono Boost)  
  35  2:52  Sentry  
  37  3:03  Nexus  
  37  3:15  Probe (Chrono Boost)  
  37  3:18  Pylon  
  38  3:23  Robotics Facility  
  39  3:35  Probe (Chrono Boost)  
  39  3:47  Probe (Chrono Boost)  
  38  3:54  Twilight Council  
  36  3:58  Probe (Chrono Boost)  
  36  4:00  Pylon  
  37  4:05  Stalker x2  
  37  4:08  Probe (Chrono Boost)  
  42  4:10  Observer  
  42  4:16  Probe (Chrono Boost)  
  44  4:19  Probe (Chrono Boost)  
  44  4:20  Phoenix  
  45  4:27  Probe (Chrono Boost)  
  45  4:28  Blink  
  45  4:29  Stalker  
  45  4:30  Probe (Chrono Boost)  
  49  4:37  Probe (Chrono Boost)  
  50  4:40  Probe (Chrono Boost)  
  51  4:48  Probe (Chrono Boost)  
  51  4:51  Assimilator, Probe (Chrono Boost)  
  53  4:58  Probe (Chrono Boost)  
  54  5:01  Probe (Chrono Boost)  
  54  5:04  Stalker x2  
  59  5:09  Probe (Chrono Boost)  
  59  5:10  Assimilator  
  59  5:12  Probe (Chrono Boost)  
  61  5:17  Forge  
  61  5:19  Probe (Chrono Boost)  
  62  5:22  Probe (Chrono Boost)  
  62  5:28  Warp Prism  
  63  5:30  Probe (Chrono Boost)  
  63  5:34  Stalker x2  
  69  5:45  Gateway  
  69  5:46  Gateway  
  69  5:47  Protoss Ground Weapons Level 1, Gateway  
  69  5:53  Pylon  
  69  5:57  Pylon  
  69  6:11  Stalker x2  
  73  6:24  Pylon  
  73  6:34  Stalker x2  
  77  6:41  Stalker  
  77  6:42  Stalker  
  77  6:45  Nexus  
  77  6:46  Sentry  
  83  6:56  Probe x2 (Chrono Boost)  
  85  7:02  Sentry x2  
  85  7:05  Stalker x2  
  93  7:20  Probe (Chrono Boost)  
  93  7:21  Pylon  
  94  7:23  Pylon, Robotics Bay  
  94  7:24  Robotics Facility  
  94  7:25  Pylon, Protoss Ground Weapons Level 2  
  94  7:41  Probe x2 (Chrono Boost)  
  94  7:43  Pylon  
  96  7:46  Photon Cannon  
  97  7:53  Probe x2 (Chrono Boost)  
  98  7:59  Stalker  
  98  8:00  Stalker x2  
  98  8:02  Probe (Chrono Boost)  
  98  8:05  Probe x2 (Chrono Boost)  
  107  8:07  Disruptor  
  107  8:08  Disruptor  
  111  8:13  Probe (Chrono Boost)  
  111  8:17  Probe (Chrono Boost)  
  115  8:24  Assimilator  
  115  8:26  Probe x2 (Chrono Boost)  
  117  8:29  Probe (Chrono Boost)  
  117  8:31  Assimilator  
  118  8:38  Adept x2, Disruptor  
  118  8:40  Stalker  
  118  8:41  Stalker x2  
  128  8:44  Disruptor  
  131  8:49  Photon Cannon  
  131  8:55  Pylon  
  134  9:04  Stalker x2  
  134  9:07  Pylon  
  138  9:13  Disruptor  
  138  9:14  Adept  
  138  9:15  Adept  
  142  9:17  Stalker  
  142  9:21  Disruptor  
  146  9:43  Stalker x2  
  146  9:44  Stalker x3  
  156  9:49  Pylon  
  122  10:08  Stalker x2  
Show
View Real Time Build Order
Export as new Build Order

iGJim Protoss 

Build Orders: Phoenix Opening 

Get SALT Encoding   

  12  0:00  Probe (Chrono Boost)  
  13  0:11  Probe (Chrono Boost)  
  14  0:17  Pylon  
  14  0:22  Probe (Chrono Boost)  
  15  0:35  Probe (Chrono Boost), Gateway  
  16  0:42  Assimilator  
  16  0:46  Probe (Chrono Boost)  
  17  0:50  Assimilator  
  17  0:56  Probe (Chrono Boost)  
  18  1:07  Probe (Chrono Boost)  
  19  1:17  Probe (Chrono Boost)  
  20  1:22  Cybernetics Core  
  20  1:28  Probe (Chrono Boost)  
  20  1:31  Pylon  
  21  1:38  Probe (Chrono Boost)  
  22  1:49  Probe (Chrono Boost)  
  23  1:54  Warp Gate  
  23  2:00  Stalker, Mothership Core (Chrono Boost)  
  27  2:22  Nexus  
  27  2:27  Probe (Chrono Boost)  
  28  2:34  Stargate  
  28  2:40  Stalker  
  30  2:49  Pylon  
  30  2:54  Probe (Chrono Boost)  
  31  3:06  Robotics Facility  
  31  3:09  Probe (Chrono Boost)  
  32  3:15  Phoenix  
  34  3:28  Gateway  
  34  3:44  Pylon  
  36  3:48  Probe (Chrono Boost)  
  36  3:49  Probe (Chrono Boost)  
  36  3:53  Immortal  
  36  4:01  Probe x2 (Chrono Boost)  
  42  4:04  Oracle  
  45  4:13  Probe x2 (Chrono Boost)  
  47  4:23  Probe (Chrono Boost)  
  49  4:24  Probe (Chrono Boost)  
  49  4:32  Twilight Council  
  49  4:34  Probe x2 (Chrono Boost)  
  49  4:35  Forge  
  51  4:44  Probe (Chrono Boost)  
  51  4:45  Sentry x2, Probe (Chrono Boost)  
  57  4:55  Pylon, Probe x2 (Chrono Boost)  
  59  5:08  Nexus, Protoss Ground Weapons Level 1  
  59  5:11  Probe x2 (Chrono Boost)  
  59  5:13  Immortal  
  65  5:24  Assimilator  
  67  5:29  Probe x2 (Chrono Boost)  
  67  5:37  Assimilator  
  67  5:38  Pylon  
  67  5:41  Probe x2 (Chrono Boost), Resonating Glaives  
  69  5:50  Pylon  
  69  5:51  Immortal  
  73  6:01  Probe x2 (Chrono Boost)  
  75  6:06  Gateway  
  75  6:09  Gateway  
  75  6:13  Pylon  
  75  6:15  Stalker x2  
  81  6:19  Probe (Chrono Boost)  
  81  6:20  Probe (Chrono Boost)  
  82  6:26  Probe (Chrono Boost)  
  82  6:27  Void Ray  
  82  6:32  Gateway  
  82  6:38  Probe x2 (Chrono Boost)  
  89  6:40  Probe (Chrono Boost)  
  89  6:41  Immortal  
  93  6:51  Stalker  
  94  7:01  Stalker, Protoss Ground Weapons Level 2  
  92  7:05  Pylon  
  94  7:20  Adept x2  
  94  7:24  Adept x2  
  94  7:26  Adept  
  100  7:42  Pylon  
  100  7:52  Nexus  
  100  7:57  Void Ray, Immortal  
  100  7:58  Pylon  
  100  8:03  Blink  
  100  8:05  Sentry  
  110  8:18  Probe x2 (Chrono Boost)  
  112  8:34  Gateway  
  112  8:36  Warp Prism  
  112  8:37  Gateway  
  112  8:38  Sentry x2  
  112  8:39  Gateway  
  118  8:49  Gateway  
  118  8:50  Gateway  
  118  8:57  Pylon  
  118  9:04  Void Ray  
  121  9:12  Adept x2  
  121  9:13  Adept  
  124  9:23  Adept  
  123  9:44  Adept x5  
  123  9:45  Adept x2  

Tags
 
Add a new tag
Caveats
  • Supply blocks, unpowered buildings, or Contaminate may cause inaccurate times.
  • Supply counts are checked every 10 seconds.